 Dungeon Crawl Stone Soup version 0.31.0-9-g3a7656b989 (webtiles) character file.

Game seed: 4386969764382562329

19870 Teknotikka the Spear-Bearer (level 12, 0/113 HPs)
             Began as a Minotaur Berserker on Feb 4, 2024.
             Was a High Priest of Trog.
             Succumbed to a naga mage's splash of poison
             ... on level 1 of the Snake Pit.
             The game lasted 00:35:49 (8931 turns).

Teknotikka the Spear-Bearer (Minotaur Berserker)    Turns: 8931, Time: 00:35:50

Health: 0/113      AC: 24    Str: 32    XL:     12   Next: 40%
Magic:  11/11      EV: 14    Int:  1    God:    Trog [*****.]
Gold:   388        SH:  0    Dex: 17    Spells: 11/11 levels left

rFire   . . .        g - +2 trident
rCold   . . .        (no shield)
rNeg    . . .        d - +2 plate armour
rPois   .            O - +2 hat {Stlth+}
rElec   .            m - +0 cloak
rCorr   .            L - +0 pair of gloves
SInv    .            x - +0 pair of boots
Will    ++...        y - necklace of Bloodlust {Fury *Rage Will++ Int-3 Slay+6} Stlth
                     f - +6 ring of strength
HPRegen 0.38/turn    n - +6 ring of dexterity
MPRegen 0.12/turn

%: random rage (50%)
@: lethally poisoned (0 -> -39), on berserk cooldown, slowed, very slow
A: horns 2, retaliatory headbutt
a: Renounce Religion, Berserk, Trog's Hand, Brothers in Arms


You were on level 1 of the Snake Pit.
You worshipped Trog.
Trog was extremely pleased with you.
You visited 3 branches of the dungeon, and saw 11 of its levels.
You also visited: Ossuary.

You collected 500 gold pieces.
You spent 112 gold pieces at shops.

Inventory:

Hand Weapons
 a - a +1 spear
 g - a +2 trident (weapon)
Armour
 b - a +0 animal skin
 d - a +2 plate armour (worn)
 m - a +0 cloak (worn)
 x - a +0 pair of boots (worn)
 L - a +0 pair of gloves (worn)
 O - a +2 hat of stealth (worn)
Jewellery
 f - a +6 ring of strength (left hand)
 k - an amulet of regeneration
 n - a +6 ring of dexterity (right hand)
 q - an amulet of magic regeneration
 r - an amulet of reflection
 y - the necklace of Bloodlust (around neck) {Fury *Rage Will++ Int-3 Slay+6}
   (You found it on level 7 of the Dungeon)

   [amulet of nothing]

   Fury:      It extends the wearer's berserk rage when killing foes.
   Int-3:     It affects your intelligence (-3).
   Slay+6:    It affects your accuracy & damage with ranged weapons and melee
   (+6).
   Will++:    It greatly increases your willpower.
   *Rage:     It berserks you when you make melee attacks (+50% chance).
Wands
 u - a wand of iceblast (13)
 w - a wand of digging (6)
 B - a wand of quicksilver (5)
 E - a wand of mindburst (25)
 M - a wand of paralysis (6)
Scrolls
 h - 3 scrolls of teleportation
 i - 3 scrolls of fog
 A - a scroll of blinking
 C - 2 scrolls of fear {unknown}
 I - a scroll of immolation {unknown}
 J - a scroll of poison {unknown}
 K - a scroll of amnesia {unknown}
 P - a scroll of torment {unknown}
 Q - a scroll of identify
Potions
 c - 3 potions of attraction
 e - 3 potions of lignification
 j - a potion of berserk rage {unknown}
 l - 3 potions of resistance
 o - 3 potions of brilliance {unknown}
 p - 4 potions of enlightenment
 s - 7 potions of degeneration
 t - 5 potions of curing
 v - a potion of magic {unknown}
 z - 3 potions of invisibility {unknown}
 D - 2 potions of cancellation {unknown}
 F - 2 potions of haste {unknown}
 G - a potion of heal wounds {unknown}
 H - 4 potions of mutation
 N - a potion of might {unknown}


   Skills:
 + Level 12.9 Fighting
 + Level 12.9 Polearms
 + Level 12.6 Armour
 + Level 11.7 Dodging


You had 11 spell levels left.
You didn't know any spells.
Your spell library was empty.

Dungeon Overview and Level Annotations

Branches:
Dungeon (8/15)             Temple (0/1) D:5            Lair (2/5) D:8
  Snake (1/4) Lair:2      Ossuary (visited)
  Swamp: Lair:2-3    Shoals: Lair:2-3

Altars:
Elyvilon
Gozag
Hepliaklqana
Kikubaaqudgha
Nemelex Xobeh
Okawaru
Qazlal
Sif Muna
Vehumet
Yredelemnul

Shops:
D:4 *   D:6 (


Innate Abilities, Weirdness & Mutations

You have a pair of horns on your head.
You reflexively headbutt those who attack you in melee.


Message History

The naga barely misses you.
You impale the naga warrior!!
The naga warrior is severely wounded.
You feel very sick. The naga mage closely misses you.
The naga warrior closely misses you. The naga warrior misses you.
A naga sharpshooter comes into view. It is wielding a +0 flail.
You impale the naga warrior!!
You kill the naga warrior!
Trog accepts your kill.
You feel very sick. The naga spits poison at you.
The splash of poison hits you but does no damage.
You are more poisoned.
The naga sharpshooter shoots an arrow.
The arrow closely misses you.
Reach: g) +2 trident
Press: ? - help, Dir - move target, f/p - naga mage
Aim: a naga mage, wielding a +0 spear (severely wounded, strong, about 25% to evade your +2 trident)
You reach to attack!
You puncture the naga mage!
The naga mage is almost dead.
You are no longer berserk.
You are exhausted.
You feel yourself slow down.
You feel very sick. The naga mage spits poison at you.
The splash of poison hits you but does no damage.
You are more poisoned.
* * * LOW HITPOINT WARNING * * *
You feel extremely sick.
The naga mage no longer looks unusually strong.
The naga sharpshooter unwields a +0 flail.
The naga sharpshooter wields a +0 arbalest.
The naga sharpshooter casts a spell.
The naga sharpshooter magically shoots a bolt.
The bolt hits you.
* * * LOW HITPOINT WARNING * * *
The naga sharpshooter casts a spell.
The naga sharpshooter magically shoots an arrow.
The arrow completely misses you.
You die...

. # .. ##. ...
#... .... #...
.....
#...#####...#
#....@.)NN..#
.........#†)..#
..#......#.#.##
#....#.### ..
#.....#.. ...
#.....#... .#
#######N.. #
.N..#


You could see 2 naga sharpshooters, a naga mage and a naga (catching breath).

Vanquished Creatures
  Gastronok (Lair:1)
  4 naga warriors (Snake:1)
  4 deep trolls (D:7)
  A salamander (Lair:2)
  A torpor snail (Lair:2)
  4 black mambas
  4 cane toads
  3 komodo dragons
  A rime drake (Lair:2)
  A blink frog (Lair:2)
  A wraith (D:6)
  A wyvern (Lair:1)
  28 yaks
  A basilisk (Lair:2)
  4 nagas
  Duvessa (D:7)
  7 water moccasins
  2 sky beasts (D:7)
  2 black bears
  3 ogres
  17 wolves
  A centaur (D:8)
  3 kobold brigands
  2 weeping skulls (Ossuary)
  8 bullfrogs
  4 scorpions
  3 wights (D:8)
  Dowan (D:7)
  A howler monkey (D:8)
  6 hounds
  2 jellies (D:5)
  A centaur zombie (Ossuary)
  2 orc priests
  A gnoll bouda (D:6)
  7 iguanas
  5 orc wizards
  6 hell rats (Lair:1)
  4 mummies (Ossuary)
  13 gnolls
  8 adders
  6 white imps
  2 ufetubi (D:5)
  8 dart slugs
  8 ribbon worms
  17 orcs
  8 endoplasms
  3 giant cockroaches
  A gnoll zombie (Ossuary)
  5 goblins
  9 hobgoblins
  3 jackals (D:1)
  2 quokkas
  4 ball pythons
  8 bats
  4 frilled lizards
  14 kobolds
  2 kobold zombies (Ossuary)
  4 orc zombies (Ossuary)
  9 rats
286 creatures vanquished.

Notes
Turn   | Place    | Note
-------+----------+-------------------------------------------
     0 | D:1      | Teknotikka the Minotaur Berserker began the quest for the
                  | Orb.
     0 | D:1      | Reached XP level 1. HP: 19/19 MP: 0/0
   228 | D:1      | Reached XP level 2. HP: 27/27 MP: 1/1
   284 | D:1      | You fall into a shaft and drop 1 floor!
   386 | D:2      | Reached XP level 3. HP: 33/33 MP: 2/2
   632 | D:1      | Reached ** piety under Trog
  1014 | D:2      | Reached XP level 4. HP: 31/41 MP: 3/3
  1239 | D:2      | Found an opulent altar of Gozag.
  1912 | D:2      | Noticed an ogre
  1918 | D:2      | Killed an ogre
  1919 | D:2      | Reached XP level 5. HP: 47/47 MP: 4/4
  2001 | D:2      | Reached skill level 5 in Fighting
  2093 | D:3      | Reached skill level 5 in Polearms
  2457 | D:3      | Identified the +2 robe of Rontazuw {Rampage Dex+2}
  2988 | D:4      | Found Juipt's General Store.
  2990 | D:4      | Reached *** piety under Trog
  3007 | D:4      | Reached XP level 6. HP: 37/56 MP: 5/5
  3044 | D:4      | Found an iron altar of Okawaru.
  3196 | D:4      | Reached XP level 7. HP: 45/62 MP: 6/6
  3235 | D:4      | Reached skill level 5 in Armour
  3299 | D:4      | Found a basalt altar of Yredelemnul.
  3451 | D:5      | Entered Level 5 of the Dungeon
  3566 | D:5      | Reached skill level 5 in Dodging
  3691 | D:5      | Reached **** piety under Trog
  3692 | D:5      | Reached XP level 8. HP: 70/71 MP: 7/7
  3777 | D:5      | Found a staircase to the Ecumenical Temple.
  4255 | D:6      | Reached XP level 9. HP: 81/81 MP: 8/8
  4310 | D:6      | Found a shimmering blue altar of Sif Muna.
  4366 | D:6      | Found a stormy altar of Qazlal.
  4452 | D:6      | Found Haer's Antique Weapon Shop.
  4457 | D:6      | Bought a trident for 112 gold pieces
  4892 | D:7      | Noticed Dowan
  4892 | D:7      | Noticed Duvessa
  4898 | D:7      | Killed Dowan
  4907 | D:7      | Killed Duvessa
  4911 | D:7      | Found a sand-covered staircase.
  4915 | Ossuary  | Entered an ossuary
  5261 | D:7      | Noticed a deep troll
  5262 | D:7      | Noticed a deep troll
  5262 | D:7      | Noticed a deep troll
  5281 | D:7      | Found a white marble altar of Elyvilon.
  5285 | D:7      | Killed a deep troll
  5296 | D:7      | Killed a deep troll
  5338 | D:7      | Noticed a deep troll
  5362 | D:7      | Killed a deep troll
  5363 | D:7      | Reached XP level 10. HP: 25/91 MP: 9/9
  5421 | D:7      | Killed a deep troll
  5434 | D:7      | Found the necklace of Bloodlust {Fury *Rage Will++ Int-3
                  | Slay+6}
  5610 | D:7      | Found a hazy altar of Hepliaklqana.
  5681 | D:7      | Found a sparkling altar of Nemelex Xobeh.
  5685 | D:7      | Found an ancient bone altar of Kikubaaqudgha.
  5690 | D:7      | Found a radiant altar of Vehumet.
  5893 | D:8      | Reached skill level 10 in Fighting
  5893 | D:8      | Reached skill level 10 in Polearms
  6331 | D:8      | Found a staircase to the Lair.
  6334 | D:8      | Reached skill level 10 in Armour
  6394 | Lair:1   | Entered Level 1 of the Lair of Beasts
  6397 | Lair:1   | Reached ***** piety under Trog
  6405 | Lair:1   | Noticed a cane toad
  6413 | Lair:1   | Killed a cane toad
  6565 | Lair:1   | Noticed a cane toad
  6575 | Lair:1   | Killed a cane toad
  6652 | Lair:1   | Noticed Gastronok
  6667 | Lair:1   | Killed Gastronok
  6668 | Lair:1   | Reached XP level 11. HP: 27/102 MP: 10/10
  6953 | Lair:1   | Reached skill level 10 in Dodging
  8141 | Lair:2   | Reached XP level 12. HP: 112/112 MP: 11/11
  8605 | Lair:2   | Found a staircase to the Snake Pit.
  8891 | Snake:1  | Entered Level 1 of the Snake Pit
  8891 | Snake:1  | Noticed a naga warrior
  8898 | Snake:1  | Killed a naga warrior
  8898 | Snake:1  | Noticed a naga warrior
  8903 | Snake:1  | Noticed a naga warrior
  8912 | Snake:1  | Killed a naga warrior
  8915 | Snake:1  | Noticed a naga warrior
  8917 | Snake:1  | Killed a naga warrior
  8928 | Snake:1  | Killed a naga warrior
  8931 | Snake:1  | Succumbed to a naga mage's splash of poison

Illustrated notes

Levels and vault maps discovered:
D:1:      scummos_arrival_forest, layout_basic, nicolae_houndstooth_variations
D:2:      minmay_razor_zed, layout_basic, basic_altar, nrook_campfire
D:3:      layout_basic, nicolae_wormholes
D:4:      layout_rooms, lemuel_tele_altar, okawaru_metal_pillars_3,
          serial_shops, shop
D:5:      layout_rooms, minmay_temple_entry_waves, minmay_large_rounded_square
D:6:      layout_rooms, mainiacjoe_overflow_alcove_1,
          mainiacjoe_overflow_alcove_4, serial_shops,
          nicolae_shop_just_a_little_nook
D:7:      layout_loops_cross, general_overflow_altar,
          mainiacjoe_overflow_boulevard, grunt_temple_overflow_diamond,
          nicolae_ossuary_entry_plus,
          hellmonk_guarded_unrand_vitality_bloodlust, uniq_duvessa
D:8:      layout_loops_corners, dpeg_oklobed_lair, serial_shops,
          nicolae_shop_back_alley_shop, uniq_maggie
Lair:1:   layout_long_grid, uniq_gastronok
Lair:2:   layout_roguey, alex1729_snake_entry_snake, st_stairs_10,
          serial_bayou_pond_a, grunt_megastairs_5
Snake:1:  layout_honeycomb, serial_shops, nicolae_shop_bloodbath_and_beyond,
          nicolae_shop_real_fake_doors, nicolae_shop_tiny_waterfront, shop,
          st_stairs_6, minmay_shoptagon, uniq_aizul

Skill      XL: |  1  2  3  4  5  6  7  8  9 10 11 |
---------------+----------------------------------+-----
Fighting       | 4 5 6 7 9 11 12 | 12.9
Polearms       | 4 5 6 7 9 11 12 | 12.9
Armour         | 3 4 6 7 9 10 12 | 12.6
Dodging        | 3 4 5 6 8 9 11 | 11.7

Action                     |  1- 3 |  4- 6 |  7- 9 | 10-12 || total
---------------------------+-------+-------+-------+-------++-------
  Melee: Spear             |    98 |   176 |   260 |       ||   534
         Headbutt          |     9 |    29 |    68 |    60 ||   166
         Punch             |       |       |     5 |     3 ||     8
         Trident           |       |       |   119 |   304 ||   423
 Invoke: Berserk           |       |     2 |     4 |       ||     6
         Trog's Hand       |       |       |     1 |       ||     1
         Brothers in Arms  |       |       |     1 |       ||     1
  Evoke: Wand              |       |       |     3 |     8 ||    11
    Use: Scroll            |       |     8 |     6 |     2 ||    16
         Potion            |       |       |       |     1 ||     1
   Stab: Paralysed         |       |       |       |    10 ||    10
 Armour: Animal skin       |     4 |       |       |       ||     4
         Plate armour      |    41 |    99 |   237 |   127 ||   504
  Dodge: Dodged            |    25 |    37 |   134 |   101 ||   297
